AoeStats
← Boblob801

Fortress

507645970Analyzed
2v2 RM · 11d ago on Sep 19, 2026· 40m 51s· 4 players
Game mode
Random Map
Map size
Normal (6 player)
Population
200
Speed
Normal
Resources
Standard
Victory
Conquest
Starting age
Dark Age
Ending age
Imperial Age
RankedLock teamsTeams togetherTeam positionsShared explorationLock speedFull tech treeHidden civsTurbo modeCheats
Victory
Defeat
🇦🇷 Persians · Argentina
1219
+14
🇦🇷 Japanese · Argentina
1159
+17
🇳🇿 Burgundians · New Zealand
1208
-17
🇩🇪 Celts · Germany
1146
-14
Tigre Mj
8:18 Feudal Age
9:11 Loom
11:49 Castle Age
9:37 Horse Collar
10:06 Double-Bit Axe
10:57 Gold Mining
16:14 Heavy Plow
16:33 Bow Saw
17:12 Wheelbarrow
19:48 Hand Cart
19:20 Town Watch
20:31 Elite Skirmisher
25:38 Imperial Age
23:32 Fletching
23:43 Padded Archer Armor
24:12 Bodkin Arrow
24:25 Thumb Ring
25:21 Ballistics
27:26 Chemistry
28:09 Leather Archer Armor
30:45 Ring Archer Armor
30:39 Bloodlines
30:29 Husbandry
29:50 Cavalier
31:01 Forging
30:56 Scale Barding Armor
32:31 Town Patrol
33:38 Conscription
32:48 Savar
34:15 Chain Barding Armor
34:50 Iron Casting
36:05 Plate Barding Armor
37:19 Blast Furnace
37:18 Murder Holes
37:35 Masonry
37:01 Elite War Elephant
40:16 Caravan
Pister BM
7:22 Feudal Age
8:23 Double-Bit Axe
11:35 Castle Age
9:55 Horse Collar
10:49 Forging
13:01 Bow Saw
15:36 Heavy Plow
17:08 Gold Mining
21:35 Arson
22:24 Loom
24:02 Wheelbarrow
28:35 Imperial Age
26:51 Scale Mail Armor
27:42 Hand Cart
28:18 Iron Casting
28:25 Town Watch
28:43 Capped Ram
30:59 Town Patrol
31:17 Chain Mail Armor
32:03 Blast Furnace
31:11 Fletching
32:11 Elite Samurai
33:39 Gold Shaft Mining
34:37 Plate Mail Armor
mxn
7:39 Feudal Age
11:23 Castle Age
9:19 Double-Bit Axe
9:45 Horse Collar
17:47 Loom
24:22 Fletching
27:14 Wheelbarrow
27:21 Wheelbarrow
32:28 Imperial Age
31:07 Forging
31:03 Scale Mail Armor
33:33 Iron Casting
33:06 Stone Mining
35:55 Chain Mail Armor
36:41 Blast Furnace
37:15 Stronghold
38:52 Chemistry
38:28 Hand Cart
37:59 Town Watch
38:42 Herbal Medicine
40:32 Plate Mail Armor
Boblob801
7:44 Feudal Age
6:56 Horse Collar
7:03 Double-Bit Axe
12:31 Castle Age
10:40 Heavy Plow
10:55 Fletching
11:50 Bow Saw
12:26 Padded Archer Armor
12:19 Loom
13:11 Wheelbarrow
14:44 Gold Mining
15:46 Hand Cart
16:18 Gold Shaft Mining
17:37 Crop Rotation
20:52 Two-Man Saw
20:58 Bodkin Arrow
21:51 Leather Archer Armor
22:04 Ballistics
23:16 Fortified Wall
24:56 Town Watch
29:53 Imperial Age
30:21 Burgundian Vineyards
30:44 Town Patrol
31:03 Scale Barding Armor
31:08 Forging
31:23 Conscription
32:10 Chemistry
31:20 Husbandry
30:44 Cavalier
32:11 Husbandry
33:10 Iron Casting
33:34 Chain Barding Armor
34:33 Paladin
35:51 Plate Barding Armor
36:21 Blast Furnace
Connection lost

Rejoining the realm…

Still unreachable

The connection could not be restored.

Session expired

The server has moved on; the page needs a fresh start.